 Dungeon Crawl Stone Soup version 0.23-a0-393-g6e9e0f2070 (webtiles) character file.

388 PikkenKukken the Skirmisher (level 6, -4/62 HPs)
             Began as an Ogre Wizard on Oct 31, 2018.
             Slain by Menkaure (8 damage)
             ... on level 4 of the Dungeon.
             The game lasted 00:17:30 (5752 turns).

PikkenKukken the Skirmisher (Ogre Wizard)           Turns: 5752, Time: 00:17:31

Health: -4/62      AC:  4    Str: 22    XL:     6   Next: 79%
Magic:  6/11       EV: 10    Int: 21    God:
Gold:   184        SH:  0    Dex:  7    Spells: 2/12 levels left

rFire    . . .     SeeInvis .   q - +0 giant club
rCold    . . .     Gourm    .   (shield currently unavailable)
rNeg     . . .     Faith    .   a - +1 robe
rPois    .         Spirit   .   b - +0 hat
rElec    .         Reflect  .   (no cloak)
rCorr    .         Harm     .   (gloves unavailable)
MR       .....                  (boots unavailable)
Stlth    +.........             (no amulet)
HPRegen  0.20/turn              o - +5 ring of strength
MPRegen  0.12/turn              p - +5 ring of strength

@: no status effects
A: large, unfitting armour, tough skin 1
a: no special abilities


You were on level 4 of the Dungeon.
You were hungry.

You visited 1 branch of the dungeon, and saw 4 of its levels.

You collected 184 gold pieces.

Inventory:

Hand Weapons
 q - a +0 giant club (weapon)
Armour
 a - a +1 robe (worn)
 b - a +0 hat (worn)
Jewellery
 o - a +5 ring of strength (left hand)
 p - a +5 ring of strength (right hand)
Scrolls
 c - a scroll of identify
 e - a scroll of magic mapping
 k - 2 scrolls of remove curse
Potions
 f - a potion of brilliance {unknown}
 h - 2 potions of heal wounds
 i - 2 potions of invisibility
 j - a potion of magic {unknown}
 l - a potion of lignification
 m - a potion of cancellation {unknown}
 n - a potion of curing {unknown}
Comestibles
 d - 7 rations


   Skills:
 + Level 4.1 Fighting
 + Level 3.4 Dodging
 - Level 1.4 Stealth
 - Level 3.6 Spellcasting
 - Level 2.5 Conjurations
 + Level 2.7 Summonings
 + Level 1.9 Necromancy
   Level 0.8 Translocations


You had 2 spell levels left.
You knew the following spells:

 Your Spells              Type           Power        Failure   Level  Hunger
a - Magic Dart            Conj           ##..         4%          1    None
b - Call Imp              Summ           ###.....     6%          2    ##.....
c - Conjure Flame         Conj/Fire      #.......     22%         3    ###....
d - Vampiric Draining     Necr           ##........   17%         3    ###....
e - Animate Skeleton      Necr           N/A          6%          1    None

Your spell library contained the following spells:

 Spells                   Type           Power        Failure   Level  Hunger
 Pain                     Necr           ##..         6%          1    None
 Blink                    Tloc           N/A          13%         2    ##.....
 Slow                     Hex            #.......     19%         2    ##.....
 Mephitic Cloud           Conj/Pois/Air  #.......     26%         3    ###....
 Regeneration             Chrm/Necr      #.........   26%         3    ###....
 Animate Dead             Necr           N/A          50%         4    ####...


Dungeon Overview and Level Annotations

Branches:
Dungeon (4/15)
 Temple: D:4-7

Altars:
Cheibriados
Nemelex Xobeh
Wu Jian

Annotations:
D:4 Menkaure, Robin


Innate Abilities, Weirdness & Mutations

You are too large for most types of armour.
You have tough skin. (AC +1)


Message History

A goblin comes into view. It is wielding a +0 club.
A goblin comes into view. It is wielding a +0 dagger.
Menkaure barely misses you. Menkaure completely misses you.
The goblin moves out of view.
You hear a shout!
Okay, then.
You bludgeon Menkaure!!
Menkaure is almost destroyed.
Robin of the Strong Arm comes into view.
She is wielding a +0 whip and carrying Menkaure hits you.
* * * LOW HITPOINT WARNING * * *
Robin roars a battlecry!
The goblins go into a battle-frenzy!
You hear a shout!
Menkaure gestures wildly while chanting.
Menkaure seems to speed up.
You closely miss Menkaure.
Menkaure is severely damaged.
Menkaure hits you!
You die...

## ##.
..# ##..
#.. #.# #
#@#.#.#.#
#.Mg.....
#.#.###..
#...g.
#.......
########g


You could see Menkaure and 2 goblins.

Vanquished Creatures
  An ogre (D:4)
  A scorpion (D:4)
  3 orc priests (D:4)
  An orc wizard (D:3)
  7 adders
  A gnoll (D:2)
  3 dart slugs
  A leopard gecko (D:1)
  8 orcs
  8 bats
  11 giant cockroaches
  6 goblins
  8 hobgoblins
  3 jackals (D:1)
  2 ball pythons (D:1)
  7 frilled lizards
  3 kobolds
  2 rats (D:1)
76 creatures vanquished.

Vanquished Creatures (collateral kills)
  A worm (D:2)
  2 orcs
  A bat (D:3)
  A goblin (D:2)
  A hobgoblin (D:2)
  A kobold (D:3)
7 creatures vanquished.

Grand Total: 83 creatures vanquished

Notes
Turn   | Place    | Note
-------+----------+-------------------------------------------
     0 | D:1      | PikkenKukken the Ogre Wizard began the quest for the Orb.
     0 | D:1      | Reached XP level 1. HP: 16/16 MP: 5/5
    71 | D:1      | Reached skill level 1 in Conjurations
   350 | D:1      | Reached XP level 2. HP: 23/26 MP: 2/6
   355 | D:1      | Reached skill level 1 in Fighting
   792 | D:1      | Reached XP level 3. HP: 23/33 MP: 8/8
  1031 | D:1      | Learned a level 2 spell: Call Imp
  1409 | D:2      | Learned a level 3 spell: Conjure Flame
  1650 | D:2      | Reached skill level 1 in Summonings
  1832 | D:2      | Reached skill level 2 in Fighting
  1895 | D:2      | Reached XP level 4. HP: 33/42 MP: 4/9
  2764 | D:2      | Found a snail-covered altar of Cheibriados.
  2946 | D:2      | Found an ornate altar of the Wu Jian Council.
  4083 | D:3      | Learned a level 3 spell: Vampiric Draining
  4159 | D:3      | Found a sparkling altar of Nemelex Xobeh.
  4170 | D:3      | Reached XP level 5. HP: 48/50 MP: 6/10
  4638 | D:3      | Reached skill level 3 in Fighting
  4944 | D:3      | Learned a level 1 spell: Animate Skeleton
  5146 | D:4      | Noticed an ogre
  5158 | D:4      | Killed an ogre
  5158 | D:4      | Reached skill level 1 in Necromancy
  5158 | D:4      | Reached XP level 6. HP: 49/61 MP: 5/11
  5747 | D:4      | Reached skill level 4 in Fighting
  5748 | D:4      | Noticed Menkaure
  5750 | D:4      | Noticed Robin
  5752 | D:4      | Slain by Menkaure

Vault maps used:
D:1:      sevenhm_arrival_forest_fort_small_1
D:2:      minmay_roachtagon, kennysheep_slug_shrine,
          lemuel_coloured_pillars_altar, first_ration, minmay_misc_feat_ornament
D:3:      lemuel_round_altar
D:4:      hangedman_abyss_or_decor_slice, uniq_crazy_yiuf_cottage,
          uniq_menkaure, uniq_robin

Skill      XL: |  1  2  3  4  5  6 |
---------------+-------------------+-----
Conjurations   | 1 2 |  2.5
Dodging        | 2 3 |  3.4
Fighting       | 1 2 3 4 |  4.1
Summonings     | 1 2 |  2.7
Necromancy     | 1 |  1.9
Stealth        | |  1.4
Spellcasting   | |  3.6
Translocations | |  0.8

Action                   |  1- 3 |  4- 6 || total
-------------------------+-------+-------++-------
Melee: Unarmed           |     6 |       ||     6
       Club              |   111 |   133 ||   244
       Trident           |       |    23 ||    23
       Giant club        |       |    32 ||    32
 Cast: Magic Dart        |    57 |    74 ||   131
       Conjure Flame     |     2 |     6 ||     8
       Call Imp          |       |    16 ||    16
  Use: Scroll            |     3 |     7 ||    10
       Potion            |       |     1 ||     1
 Stab: Sleeping          |     1 |     1 ||     2
       Distracted        |       |     1 ||     1
  Eat: Chunk             |     3 |     6 ||     9
       Ration            |       |     2 ||     2
Armor: Robe              |    58 |   101 ||   159
Dodge: Dodged            |   101 |   178 ||   279

Table legend:
 A = Non-vault XP
 B = Vault XP
 C = Vault XP percentage of total XP
 D = Non-vault monster count
 E = Vault monster count
 F = Vault count percentage of total count
                 A         B        C        D         E       F
            +---------+---------+-------+---------+---------+-------
      Total |     531 |      24 |   4.3 |      72 |      11 |  13.3
            +---------+---------+-------+---------+---------+-------
        D:1 |      43 |       6 |  12.2 |      25 |       3 |  10.7
        D:2 |      72 |      18 |  20.0 |      15 |       8 |  34.8
        D:3 |     121 |       0 |   0.0 |      21 |       0 |   0.0
        D:4 |     295 |       0 |   0.0 |      11 |       0 |   0.0
            +---------+---------+-------+---------+---------+-------
